 Dungeon Crawl Stone Soup version 0.29-a0-993-g4a18f31a58 (webtiles) character file.

Game seed: 14309775146450622267

94 vurker the Sneak (level 4, 0/23 HPs)
             Began as a Vine Stalker Enchanter on Aug 2, 2022.
             Slain by Natasha (2 damage)
             ... on level 2 of the Dungeon.
             The game lasted 00:02:34 (2463 turns).

vurker the Sneak (Vine Stalker Enchanter)           Turns: 2463, Time: 00:02:34

Health: 0/23       AC:  3    Str: 13    XL:     4   Next: 63%
Magic:  0/8        EV:  9    Int: 15    God:
Gold:   36         SH:  0    Dex: 14    Spells: 7/7 levels left

rFire   . . .      SeeInvis .   k - +0 short sword (drain)
rCold   . . .      Faith    .   (no shield)
rNeg    . . .      Spirit   +   b - +0 robe
rPois   .          Reflect  .   (no helmet)
rElec   .          Harm     .   (no cloak)
rCorr   .          Rampage  .   (no gloves)
Will    .....                   g - +0 pair of boots
Stlth   ++........              n - amulet of regeneration
HPRegen 1.67/turn               (no ring)
MPRegen 0.11/turn               (no ring)

@: grasped by roots, constricted
A: fangs 2, regeneration 1, magic shield, antimagic bite, no potion heal 2
a: no special abilities


You were on level 2 of the Dungeon.
You visited 1 branch of the dungeon, and saw 2 of its levels.

You collected 36 gold pieces.

Inventory:

Hand Weapons
 k - a +0 short sword of draining (weapon)
   (You took it off a kobold on level 1 of the Dungeon)
Missiles
 d - a throwing net (quivered)
Armour
 b - a +0 robe (worn)
 g - a +0 pair of boots (worn)
   (You found it on level 1 of the Dungeon)
 s - the +0 plate armour of Iroxeanak {+Inv Str+2}
   (You found it on level 2 of the Dungeon)

   Str:       It affects your strength (+2).
   +Inv:      It lets you turn invisible.
Jewellery
 n - an amulet of regeneration (around neck)
   (You found it on level 2 of the Dungeon)
Scrolls
 e - 2 scrolls of identify {unknown}
 f - a scroll of brand weapon {unknown}
 i - 2 scrolls of noise {unknown}
 j - a scroll of vulnerability {unknown}
 l - 2 scrolls of summoning {unknown}
 m - 3 scrolls of fog {unknown}
 o - a scroll of enchant armour {unknown}
 p - a scroll of silence {unknown}
Potions
 a - a potion of heal wounds {unknown}
 c - 2 potions of invisibility
 h - a potion of brilliance {unknown}
 q - a potion of attraction {unknown}
 r - a potion of curing {unknown}


   Skills:
 + Level 1.9 Fighting
 * Level 3.2 Short Blades
 - Level 1.5 Dodging
 - Level 3.6 Stealth
 - Level 2.1 Spellcasting
 - Level 3.0 Hexes


You had 7 spell levels left.
You didn't know any spells.
Your spell library contained the following spells:

 Spells                   Type           Power      Damage    Failure   Level
 Ensorcelled Hibernation  Hex/Ice        12%        N/A       19%         2
 Confusing Touch          Hex            10%        N/A       19%         3
 Tukima's Dance           Hex            10%        N/A       19%         3
 Dazzling Flash           Conj/Hex       12%        N/A       34%         3


Dungeon Overview and Level Annotations

Branches:
Dungeon (2/15)

Altars:
Xom

Shops:
D:2 (

Annotations:
D:2 Natasha


Innate Abilities, Weirdness & Mutations

You have extremely sharp teeth.
Your natural rate of healing is unusually fast.
When hurt, damage is shared between your health and your magic reserves.
Your bite disrupts and absorbs the magic of your enemies.
Potions cannot restore your health.


Message History

Done exploring.
Done exploring.
Done exploring.
Done exploring.
Level map cleared.
A ball python comes into view.
The ball python moves out of view.
Unknown command.
A ball python is nearby!
A ball python is nearby!
No target in view!
No target in view!
There is an open door here.
You open the door.
There is an open door here.
You see here a quokka corpse.
Natasha, Servant of Life and Death comes into view.
She is carrying a wand of roots (9).
Natasha hisses angrily.
Natasha zaps a wand.
The roots erupt in riotous growth!
The grasping roots grab you! The grasping roots constrict you.
You escape the roots grasp.
Natasha zaps a wand.
The roots erupt in riotous growth!
The grasping roots grab you!
Natasha is unaffected.
The grasping roots constrict you.
You hit Natasha. You punch Natasha. Natasha claws you.
The grasping roots constrict you.
You closely miss Natasha. You bite Natasha, but do no damage.
Natasha claws you. The grasping roots constrict you.
* * * LOW HITPOINT WARNING * * *
You miss Natasha. Your bite misses Natasha. Natasha claws you!
* * * LOW HITPOINT WARNING * * *
The grasping roots constrict you.
* * * LOW HITPOINT WARNING * * *
You hit Natasha but do no damage. You drain Natasha. Your bite misses Natasha.
Natasha barely misses you. The grasping roots constrict you.
* * * LOW HITPOINT WARNING * * *
The grasping roots release their grip on you.
You hit Natasha but do no damage. You drain Natasha.
Natasha zaps a wand.
The roots erupt in riotous growth!
The grasping roots grab you!
Natasha is unaffected.
The grasping roots constrict you.
* * * LOW HITPOINT WARNING * * *
You hit Natasha. Natasha claws you.
You die...

*,,,,,,)*
***,,,,,,,,,,,,,*
********* *,*,***********
*,*,,* *,,,,* ####**,*,,*
#..,**,*,,* ##.#,,,,*,,*
#..####.##.#**
##...@h.⌠....,*
#####..##.##.####,*
#..........#),,,*,********
#.#######..#,,,,,,,,,,,,,,
#.# #..#,,,,,********,
##.## #....,,*,* *, #.#.#
#.....,*,* *, ##..#
#.##.##*,* *, ##†#
*,,,...,,* *,


You could see Natasha (very drained).

Vanquished Creatures
  Natasha (D:2)
  2 adders (D:2)
  A worm (D:2)
  3 dart slugs
  4 endoplasms
  A giant cockroach (D:1)
  7 goblins
  4 hobgoblins
  3 quokkas
  3 ball pythons (D:1)
  2 bats
  A frilled lizard (D:1)
  5 kobolds
  3 rats
40 creatures vanquished.

Notes
Turn   | Place    | Note
-------+----------+-------------------------------------------
     0 | D:1      | vurker the Vine Stalker Enchanter began the quest for the
                  | Orb.
     0 | D:1      | Reached XP level 1. HP: 9/9 MP: 4/4
    12 | D:1      | Reached skill level 1 in Short Blades
   210 | D:1      | Reached XP level 2. HP: 2/14 MP: 3/6
   838 | D:1      | Reached skill level 1 in Fighting
   959 | D:1      | Reached XP level 3. HP: 18/18 MP: 7/7
  1842 | D:2      | Found Raikelut's Weapon Emporium.
  1920 | D:2      | Gained mutation: Your natural rate of healing is unusually
                  | fast. [Vine Stalker growth]
  1920 | D:2      | Reached XP level 4. HP: 22/22 MP: 8/8
  1921 | D:2      | Noticed Natasha
  1930 | D:2      | Killed Natasha
  2160 | D:2      | Found a shimmering altar of Xom.
  2168 | D:2      | Identified the +0 plate armour of Iroxeanak {+Inv Str+2}
  2453 | D:2      | Noticed Natasha
  2461 | D:2      | HP: 1/23 [constriction (4)]
  2463 | D:2      | Slain by Natasha

Illustrated notes

Levels and vault maps discovered:
D:1:      dpeg_arrival_orchard, layout_rooms, minmay_tree_intersection,
          grunt_decor_arrowhead
D:2:      layout_loops_corners, serial_shops, nicolae_shop_bloodbath_and_beyond,
          basic_altar, minmay_pentomino_q4, uniq_natasha

Skill      XL: |  1  2  3  4 |
---------------+-------------+-----
Short Blades   | 1 2 3 |  3.2
Fighting       | 1 |  1.9
Dodging        | |  1.5
Stealth        | |  3.6
Spellcasting   | |  2.1
Hexes          | |  3.0

Action                   |  1- 3 |  4- 6 || total
-------------------------+-------+-------++-------
Melee: Dagger            |    62 |       ||    62
       Bite              |    19 |     1 ||    20
       Punch             |     2 |     1 ||     3
       Short sword       |    37 |    12 ||    49
 Stab: Sleeping          |     5 |     4 ||     9
Armor: Robe              |    14 |       ||    14
Dodge: Dodged            |    42 |     1 ||    43

Table legend: (Time is in decaauts)
 A = Elapsed time spent in this place.
 B = Non-inter-level travel time spent in this place.
 C = Inter-level travel time spent in this place.
 D = Time resting spent in this place.
 E = Time spent auto-exploring this place.
 F = Levels seen in this place.
 G = Mean time per level.
                   A        B        C        D        E       F      G
               +--------+--------+--------+--------+--------+-----+--------+
         Total |   2454 |   2443 |     11 |      0 |   2074 |   2 | 1227.0 |
       Dungeon |   2454 |   2443 |     11 |      0 |   2074 |   2 | 1227.0 |
               +--------+--------+--------+--------+--------+-----+--------+

Top non-repeatable levels by time:
     D:1: 1339 daAuts
     D:2: 1114 daAuts
